 Dungeon Crawl Stone Soup version 0.23-a0-207-g93a313e (webtiles) character file.

7 Amnesiac the Grave Robber (level 1, 0/13 HPs)
             Began as a Mummy Wanderer on Sept 23, 2018.
             Slain by a hobgoblin (1 damage)
             ... on level 1 of the Dungeon on Sept 25, 2018.
             The game lasted 00:06:12 (508 turns).

Amnesiac the Grave Robber (Mummy Wanderer)           Turns: 508, Time: 00:06:12

Health: 0/13       AC:  2    Str: 17    XL:     1   Next: 91%
Magic:  4/4        EV: 11    Int: 11    God:
Gold:   8          SH:  0    Dex: 11    Spells: 5/6 levels left

rFire    x . .     SeeInvis .   e - +0 club
rCold    + . .     Gourm    .   (no shield)
rNeg     + + +     Faith    .   d - +0 robe
rPois    ∞         Spirit   .   (no helmet)
rElec    .         Reflect  .   (no cloak)
rCorr    .         Harm     .   (no gloves)
MR       .....                  (no boots)
Stlth    +.........             (no amulet)
HPRegen  0.04/turn              b - +2 ring of strength
MPRegen  0.09/turn              (no ring)

@: no status effects
A: no food or potions, fire vulnerability, cold resistance 1, negative energy
resistance 3, torment resistance, unbreathing
a: no special abilities


You were on level 1 of the Dungeon.
You were not hungry.

You visited 1 branch of the dungeon, and saw 1 of its levels.

You collected 8 gold pieces.

Inventory:

Hand Weapons
 e - a +0 club (weapon)
Armour
 d - a +0 robe (worn)
Jewellery
 b - a +2 ring of strength (left hand)
Wands
 a - a wand of paralysis (15)
Scrolls
 c - a scroll of teleportation {!r, unknown}


   Skills:
 - Level 1.0 Throwing
 + Level 3.2 Spellcasting
 * Level 4.1 Necromancy
   Level 1.5 Poison Magic
 - Level 1.0 Evocations


You had 5 spell levels left.
You knew the following spells:

 Your Spells              Type           Power        Failure   Level  Hunger
b - Animate Skeleton      Necr           N/A          4%          1    N/A

Your spell library contained the following spells:

 Spells                   Type           Power        Failure   Level  Hunger
 Vampiric Draining        Necr           ##........   14%         3    N/A
 Blink                    Tloc           N/A          36%         2    N/A
 Shroud of Golubria       Chrm/Tloc      #.........   36%         2    N/A

Dungeon Overview and Level Annotations

Branches:
Dungeon (1/15)

Altars:


Innate Abilities, Weirdness & Mutations

You do not eat or drink.
Your flesh is vulnerable to fire.
You are immune to poison.
Your flesh is cold resistant. (rC+)
You are immune to negative energy. (rN+++)
You are immune to unholy pain and torment.
You can survive without breathing.


Message History

You hit the leopard gecko.
The leopard gecko is heavily wounded.
The leopard gecko bites you.
* * * LOW HITPOINT WARNING * * *
The leopard gecko closely misses you.
You barely miss the leopard gecko.
The leopard gecko is severely wounded.
The leopard gecko closely misses you.
You barely miss the leopard gecko.
The leopard gecko is almost dead.
The leopard gecko barely misses you. The leopard gecko bites you.
* * * LOW HITPOINT WARNING * * *
The leopard gecko dies!
You swing at nothing.
You see here a leopard gecko corpse.
Casting: Animate Skeleton (safe; 4% risk of failure)
Confirm with . or Enter, or press ? or * to list all spells.
You don't know that spell.
Casting: Animate Skeleton (safe; 4% risk of failure)
Confirm with . or Enter, or press ? or * to list all spells.
You attempt to give life to the dead...
Before your eyes, flesh is ripped from the corpse!
The dead are walking!
You see here 2 chunks of flesh.
You start resting.
Magic restored.
You start resting.
Magic restored.
You start resting.
Your leopard gecko skeleton crumbles into dust!
HP restored.
You swap places.
You now have 8 gold pieces.
Found a lumpy inky potion.
Your rat skeleton crumbles into dust!
A hobgoblin comes into view. It is wielding a club.
Adjust (i)tems, (s)pells, or (a)bilities?
Adjust which spell? a - Animate Skeleton Adjust to which letter? b - Animate Skeleton The hobgoblin shouts!
You hear a shout!
A hobgoblin comes into view.
You hit the hobgoblin.
The hobgoblin is moderately wounded.
The hobgoblin hits you but does no damage.
You closely miss the hobgoblin.
The hobgoblin is moderately wounded.
The hobgoblin hits you with a club.
You hit the hobgoblin.
You kill the hobgoblin!
The hobgoblin closely misses you.
You closely miss the hobgoblin. The hobgoblin barely misses you.
You closely miss the hobgoblin.
The hobgoblin hits you but does no damage.
You barely miss the hobgoblin. The hobgoblin hits you.
* * * LOW HITPOINT WARNING * * *
You hit the hobgoblin but do no damage. The hobgoblin hits you.
* * * LOW HITPOINT WARNING * * *
The hobgoblin completely misses you.
You barely miss the hobgoblin. The hobgoblin hits you.
* * * LOW HITPOINT WARNING * * *
You closely miss the hobgoblin. The hobgoblin barely misses you.
You completely miss the hobgoblin. The hobgoblin hits you.
You die...

#.##.# #.##.#
#.##.# #.##.#
#.##.#
####.###.##.#
......).!...#
####.###g#..#
#.@....#
#.....##
..#...##
#......#
........#
###....#.#
##.#.#.#
#.#.#.#


You could see a hobgoblin.

Vanquished Creatures
  A dart slug (D:1)
  A hobgoblin (D:1)
  A frilled lizard (D:1)
  2 rats (D:1)
5 creatures vanquished.

Vanquished Creatures (collateral kills)
  A leopard gecko (D:1)
1 creature vanquished.

Grand Total: 6 creatures vanquished

Notes
Turn   | Place    | Note
-------+----------+-------------------------------------------
     0 | D:1      | Amnesiac the Mummy Wanderer began the quest for the Orb.
     0 | D:1      | Amnesiac set off with: a wand of paralysis (15), a +0 robe,
                  | a +0 club
     0 | D:1      | Reached XP level 1. HP: 13/13 MP: 4/4
    31 | D:1      | Upgraded the game from 0.23-a0-183-gf37f6fb to
                  | 0.23-a0-207-g93a313e
   273 | D:1      | Learned a level 1 spell: Animate Skeleton
   508 | D:1      | Slain by a hobgoblin

Vault maps used:
D:1:      lightli_arrival_lavapool, tso_altar

Skill      XL: |  1 |
---------------+----+-----
Spellcasting   | 3 |  3.2
Throwing       | |  1.0
Necromancy     | |  4.1
Poison Magic   | |  1.5
Evocations     | |  1.0

Action                   || total
-------------------------++-------
Melee: Club              ||    34
 Cast: Animate Skeleton  ||     2
Armor: Robe              ||     8
Dodge: Dodged            ||    19

Table legend:
 A = Non-vault XP
 B = Vault XP
 C = Vault XP percentage of total XP
 D = Non-vault monster count
 E = Vault monster count
 F = Vault count percentage of total count
                 A         B        C        D         E       F
            +---------+---------+-------+---------+---------+-------
      Total |      11 |       0 |   0.0 |       6 |       0 |   0.0
            +---------+---------+-------+---------+---------+-------
        D:1 |      11 |       0 |   0.0 |       6 |       0 |   0.0
            +---------+---------+-------+---------+---------+-------
